PHILADELPHIA Flyers vs VANCOUVER Canucks

Created - 29 février 2024 at 16:11

Goals
1 2 3 T
PHILADELPHIA Flyers 1 1 3 5
VANCOUVER Canucks 1 1 0 2
Shots
1 2 3 T
PHILADELPHIA Flyers 10 9 19 38
VANCOUVER Canucks 13 12 2 27

1st period

1. VANCOUVER Canucks , Christopher Tanev 6 (Radim Simek 10, Jakob Silfverberg 11) at 9:02 (PP)
2. PHILADELPHIA Flyers , Sam Gagner 5 (Justin Schultz 13, Adam Erne 10) at 17:51

Penalties :
Mason Appleton (VAN) for Interference (Minor) at 1:11, Nils Lundkvist (VAN) for Roughing (Minor) at 5:25, Claude Giroux (PHI) for Cross-checking (Minor) at 8:16

2nd period

3. PHILADELPHIA Flyers , Leon Draisaitl 22 (Claude Giroux 25, Sean Couturier 13) at 7:14
4. VANCOUVER Canucks , Josh Norris 8 (Matt Boldy 17, Christopher Tanev 24) at 9:03

Penalties :
Sean Couturier (PHI) for Tripping (Minor) at 0:19, Christopher Tanev (VAN) for Interference (Minor) at 18:43

3rd period

5. PHILADELPHIA Flyers , Sean Couturier 4 (Joel Edmundson 12, Leon Draisaitl 33) at 9:52
6. PHILADELPHIA Flyers , Claude Giroux 25 (Sean Couturier 14, Leon Draisaitl 34) at 15:39
7. PHILADELPHIA Flyers , Leon Draisaitl 23 (Nick Schmaltz 14, Alexander Edler 12) at 17:24 (PP)

Penalties :
Matt Boldy (VAN) for Hooking (Minor) at 6:01, Matt Boldy (VAN) for Tripping (Minor) at 16:26

Goalie Stats

Connor Hellebuyck (PHI), 25 saves from 27 shots - (0,926), W, 18-14-2, 60:00 minutes
Jake Oettinger (VAN), 33 saves from 38 shots - (0,868), L, 19-15-2, 60:00 minutes

Players Stats for PHILADELPHIA Flyers

Player Name              G  A  P  +/- PIM S  H  SB GA TA FO     MP     PP MP  PK MP  
------------------------------------------------------------------------------------
Adam Erne                0  1  1   1  0   4  1  0  0  0  0/0    13:37   4:45   0:00 
Alexander Edler          0  1  1   1  0   3  3  1  0  0  0/0    21:41   4:25   0:00 
Ben Chiarot              0  0  0   1  0   2  0  3  0  0  0/0    23:03   3:49   1:51 
Chris Tierney            0  0  0   0  0   0  0  0  0  0  4/10    6:59   0:00   0:00 
Claude Giroux            1  1  2   2  2   3  1  0  0  0  0/0    23:42   4:09   1:39 
Jakub Voracek            0  0  0   0  0   2  1  0  0  0  0/1     6:59   0:00   0:00 
Joel Edmundson           0  1  1   1  0   3  2  2  0  0  0/0    15:16   0:40   0:54 
Jonathan Drouin          0  0  0   1  0   2  0  0  0  0  0/0     9:48   0:00   0:56 
Josh Leivo               0  0  0   0  0   0  1  0  0  0  1/2     7:09   0:00   0:10 
Justin Schultz           0  1  1   1  0   0  0  2  0  0  0/0    20:38   4:45   0:00 
Leon Draisaitl           2  2  4   2  0   5  3  0  0  0  7/8    24:29   4:09   2:25 
Mike Hoffman             0  0  0   0  0   3  1  0  0  0  0/1    19:20   4:45   0:00 
Nick Schmaltz            0  1  1   0  0   2  0  0  0  0  22/34  19:04   4:09   0:20 
Noah Juulsen             0  0  0   1  0   0  0  1  0  0  0/0    15:23   0:00   1:41 
Sam Gagner               1  0  1   1  0   1  1  0  0  0  6/11    8:52   0:00   0:00 
Sean Couturier           1  2  3   2  2   4  0  0  0  0  14/20  17:54   0:00   0:00 
Sean Monahan             0  0  0   0  0   2  0  1  0  0  6/8    19:20   4:45   0:00 
Shea Weber               0  0  0   1  0   2  0  1  0  0  0/0    23:59   4:09   1:04 

Players Stats for VANCOUVER Canucks

Player Name              G  A  P  +/- PIM S  H  SB GA TA FO     MP     PP MP  PK MP  
------------------------------------------------------------------------------------
Bryan Little             0  0  0   0  0   3  0  0  0  0  0/2    10:15   0:00   4:04 
Christopher Tanev        1  1  2  -1  2   3  3  3  0  0  0/0    22:00   1:50   3:52 
Jake McCabe              0  0  0  -2  0   1  4  4  0  0  0/0    24:17   0:55   4:30 
Jakob Silfverberg        0  1  1  -1  0   2  2  0  0  0  0/0    23:29   1:47   5:17 
Josh Norris              1  0  1  -1  0   4  1  0  0  0  11/29  18:26   1:47   0:14 
Juuso Parssinen          0  0  0  -1  0   0  3  0  0  0  5/13    9:59   0:00   0:00 
Mark Kastelic            0  0  0   0  0   0  2  0  0  0  4/8     6:11   0:00   0:00 
Mason Appleton           0  0  0  -1  2   1  2  0  0  0  0/1    16:43   0:58   0:00 
Matt Boldy               0  1  1  -1  4   1  3  0  0  0  0/0    20:06   1:47   1:56 
Mikhail Sergachev        0  0  0  -2  0   1  1  3  0  0  0/0    27:24   0:55   4:41 
Nils Lundkvist           0  0  0   0  2   1  0  1  0  0  0/0    13:23   0:00   0:14 
Philip Tomasino          0  0  0  -1  0   1  0  0  0  0  0/1    16:44   0:58   0:00 
Radim Simek              0  1  1  -1  0   0  4  1  0  0  0/0    19:28   1:50   4:15 
Shane Pinto              0  0  0  -1  0   4  3  0  0  0  9/25   16:44   0:58   0:00 
Stefan Noesen            0  0  0   0  0   1  2  0  0  0  1/1     7:17   0:00   1:06 
Teddy Blueger            0  0  0  -1  0   2  0  0  0  0  1/2     9:59   0:00   0:00 
Tyler Pitlick            0  0  0  -1  0   0  2  0  0  0  4/13   15:10   0:00   5:11 
Victor Mete              0  0  0   0  0   2  0  0  0  0  0/0    13:26   0:00   0:16 

3 Stars

1 - Leon Draisaitl (PHI)
2 - Sean Couturier (PHI)
3 - Claude Giroux (PHI)

Power Play

PHILADELPHIA Flyers - 1 on 5 Attempt(s) - 20,00%
VANCOUVER Canucks - 1 on 2 Attempt(s) - 50,00%

Penalty Kill

PHILADELPHIA Flyers - 1 on 2 Attempt(s) - 50,00% - Score 0 goal in Penalty Kill
VANCOUVER Canucks - 4 on 5 Attempt(s) - 80,00% - Score 0 goal in Penalty Kill

Team Stat

PHILADELPHIA Flyers - Hits : 14 - Faceoff Wins : 60 - Blocked Shots : 11 - Penalty Minutes : 4
VANCOUVER Canucks - Hits : 32 - Faceoff Wins : 35 - Blocked Shots : 12 - Penalty Minutes : 10

Official

Referees : John Hoolihan and Trey Pecina
Linesman : Diana Mokhova and Erin Blair

Game Notes

No Game Note

Finance

Level 1 -- Attendance: 5071 (72,44%) -- Ticket Income $507,100
Level 2 -- Attendance: 3944 (65,73%) -- Ticket Income $236,640
Level 3 -- Attendance: 2112 (52,80%) -- Ticket Income $73,920
Level 4 -- Attendance: 4037 (80,74%) -- Ticket Income $80,740
Luxury Box -- Attendance: 859 (84,97%) -- Ticket Income $171,800
Game was played at the Rogers Arena.
Total Attendance: 16023 (69,63%)
Total Ticket Income: $1,070,200
Other Income: $267,550
Total Income: $1,337,750

PHILADELPHIA Flyers

5 vs 5 Forward 
   Center                   Left Wing                Right Wing               Time % Phy DF OF 
 1 Sean Couturier           Leon Draisaitl           Claude Giroux            50     1   2  2  
 2 Nick Schmaltz            Mike Hoffman             Sean Monahan             25     1   2  2  
 3 Sam Gagner               Jonathan Drouin          Adam Erne                15     1   2  2  
 4 Chris Tierney            Jakub Voracek            Josh Leivo               10     1   2  2  

5 vs 5 Defense 
   Defense                  Defense                                           Time % Phy DF OF 
 1 Ben Chiarot              Shea Weber                                        40     1   2  2  
 2 Alexander Edler          Justin Schultz                                    30     1   2  2  
 3 Joel Edmundson           Noah Juulsen                                      20     1   2  2  
 4 Alexander Edler          Shea Weber                                        10     1   2  2  

PowerPlay Forward 
   Center                   Left Wing                Right Wing               Time % Phy DF OF 
 1 Nick Schmaltz            Leon Draisaitl           Claude Giroux            60     1   2  2  
 2 Sean Monahan             Mike Hoffman             Adam Erne                40     1   2  2  

PowerPlay Defense
   Defense                  Defense                                           Time % Phy DF OF 
 1 Alexander Edler          Shea Weber                                        60     1   2  2  
 2 Ben Chiarot              Justin Schultz                                    40     1   2  2  

Penalty Kill 4 Players Forward 
   Center                   Wing                     Time % Phy DF OF 
 1 Leon Draisaitl           Claude Giroux            60     1   2  2  
 2 Sean Couturier           Nick Schmaltz            40     1   2  2  

Penalty Kill 4 Players Defense
   Defense                  Defense                  Time % Phy DF OF 
 1 Noah Juulsen             Ben Chiarot              60     1   2  2  
 2 Shea Weber               Joel Edmundson           40     1   2  2  

Penalty Kill - 3 Players Forward 
   Forward                                           Time % Phy DF OF 
 1 Leon Draisaitl                                    60     1   2  2  
 2 Claude Giroux                                     40     1   2  2  

Penalty Kill - 3 Players Defense
   Defense                  Defense                  Time % Phy DF OF 
 1 Shea Weber               Ben Chiarot              60     1   2  2  
 2 Justin Schultz           Joel Edmundson           40     1   2  2  

4 vs 4 Forward 
   Center                   Wing                     Time % Phy DF OF 
 1 Leon Draisaitl           Claude Giroux            60     1   2  2  
 2 Sean Monahan             Nick Schmaltz            40     1   2  2  

4 vs 4 Defense
   Defense                  Defense                  Time % Phy DF OF 
 1 Justin Schultz           Ben Chiarot              60     1   2  2  
 2 Shea Weber               Joel Edmundson           40     1   2  2  

Last Minutes Offensive
   Center                   Left Wing                Right Wing               Defense                  Defense                  
   Claude Giroux            Leon Draisaitl           Nick Schmaltz            Shea Weber               Ben Chiarot              

Last Minutes Defensive
   Center                   Left Wing                Right Wing               Defense                  Defense                  
   Sean Monahan             Jonathan Drouin          Claude Giroux            Alexander Edler          Justin Schultz           

Goaltenders
Starting : Connor Hellebuyck        
Backup : Arturs Silovs            

Extra Forwards
Normal : Sam Gagner, Adam Erne, Jonathan Drouin - PP : Sam Gagner, Adam Erne - PK : Jonathan Drouin
Extra Defensemen
Normal : Justin Schultz, Alexander Edler, Shea Weber - PP : Alexander Edler - PK : Shea Weber, Noah Juulsen
Penalty Shots
Leon Draisaitl, Claude Giroux, Jonathan Drouin, Nick Schmaltz, Mike Hoffman

Scratches
None

VANCOUVER Canucks

5 vs 5 Forward 
   Center                   Left Wing                Right Wing               Time % Phy DF OF 
 1 Josh Norris              Matt Boldy               Jakob Silfverberg        40     1   2  2  
 2 Shane Pinto              Philip Tomasino          Mason Appleton           30     1   2  2  
 3 Juuso Parssinen          Teddy Blueger            Tyler Pitlick            20     1   2  2  
 4 Mark Kastelic            Stefan Noesen            Bryan Little             10     1   2  2  

5 vs 5 Defense 
   Defense                  Defense                                           Time % Phy DF OF 
 1 Mikhail Sergachev        Jake McCabe                                       40     1   2  2  
 2 Christopher Tanev        Radim Simek                                       30     1   2  2  
 3 Nils Lundkvist           Victor Mete                                       20     1   2  2  
 4 Mikhail Sergachev        Christopher Tanev                                 10     1   2  2  

PowerPlay Forward 
   Center                   Left Wing                Right Wing               Time % Phy DF OF 
 1 Josh Norris              Matt Boldy               Jakob Silfverberg        60     1   2  2  
 2 Shane Pinto              Philip Tomasino          Mason Appleton           40     1   2  2  

PowerPlay Defense
   Defense                  Defense                                           Time % Phy DF OF 
 1 Mikhail Sergachev        Jake McCabe                                       60     1   2  2  
 2 Christopher Tanev        Radim Simek                                       40     1   2  2  

Penalty Kill 4 Players Forward 
   Center                   Wing                     Time % Phy DF OF 
 1 Tyler Pitlick            Jakob Silfverberg        60     1   2  2  
 2 Bryan Little             Matt Boldy               40     1   2  2  

Penalty Kill 4 Players Defense
   Defense                  Defense                  Time % Phy DF OF 
 1 Mikhail Sergachev        Jake McCabe              60     1   2  2  
 2 Christopher Tanev        Radim Simek              40     1   2  2  

Penalty Kill - 3 Players Forward 
   Forward                                           Time % Phy DF OF 
 1 Jakob Silfverberg                                 60     1   2  2  
 2 Bryan Little                                      40     1   2  2  

Penalty Kill - 3 Players Defense
   Defense                  Defense                  Time % Phy DF OF 
 1 Mikhail Sergachev        Nils Lundkvist           60     1   2  2  
 2 Christopher Tanev        Radim Simek              40     1   2  2  

4 vs 4 Forward 
   Center                   Wing                     Time % Phy DF OF 
 1 Tyler Pitlick            Jakob Silfverberg        60     1   2  2  
 2 Bryan Little             Matt Boldy               40     1   2  2  

4 vs 4 Defense
   Defense                  Defense                  Time % Phy DF OF 
 1 Jake McCabe              Mikhail Sergachev        60     1   2  2  
 2 Christopher Tanev        Radim Simek              40     1   2  2  

Last Minutes Offensive
   Center                   Left Wing                Right Wing               Defense                  Defense                  
   Matt Boldy               Jakob Silfverberg        Bryan Little             Mikhail Sergachev        Jake McCabe              

Last Minutes Defensive
   Center                   Left Wing                Right Wing               Defense                  Defense                  
   Matt Boldy               Jakob Silfverberg        Bryan Little             Mikhail Sergachev        Jake McCabe              

Goaltenders
Starting : Jake Oettinger           
Backup : Joonas Korpisalo         

Extra Forwards
Normal : Bryan Little, Tyler Pitlick, Jakob Silfverberg - PP : Bryan Little, Tyler Pitlick - PK : Bryan Little
Extra Defensemen
Normal : Christopher Tanev, Radim Simek, Victor Mete - PP : Christopher Tanev - PK : Christopher Tanev, Radim Simek
Penalty Shots
Tyler Pitlick, Jakob Silfverberg, Bryan Little, Teddy Blueger, Shane Pinto

Scratches
Martin Jones (Healthy)

% Time on Ice - PHILADELPHIA Flyers

Lines # - Real PCT - Wanted PCT - Time Play
Normal Forward
1 - 37% - 50% - 17:55
2 - 30% - 25% - 14:35
3 - 18% - 15% - 8:52
4 - 14% - 10% - 6:59
Normal Defense
1 - 36% - 40% - 17:23
2 - 33% - 30% - 15:53
3 - 28% - 20% - 13:42
4 - 3% - 10% - 1:23
PP Forward
1 - 47% - 60% - 4:09
2 - 53% - 40% - 4:45
PP Defense
1 - 57% - 60% - 5:05
2 - 43% - 40% - 3:49
PK Forward
1 - 88% - 60% - 2:25
2 - 12% - 40% - 0:20
PK Defense
1 - 67% - 60% - 1:51
2 - 33% - 40% - 0:54
PK3 Forward
1 - 0% - 60%
2 - 0% - 40%
PK3 Defense
1 - 0% - 60%
2 - 0% - 40%
44 Forward
1 - 0% - 60%
2 - 0% - 40%
44 Defense
1 - 0% - 60%
2 - 0% - 40%
Last Minute Offensive  - 0:00
Last Minute Defensive  - 0:00
Total
Forward - 60:00
Defense - 60:00

% Time on Ice - VANCOUVER Canucks

Lines # - Real PCT - Wanted PCT - Time Play
Normal Forward
1 - 34% - 40% - 16:25
2 - 33% - 30% - 15:46
3 - 21% - 20% - 9:59
4 - 13% - 10% - 6:11
Normal Defense
1 - 39% - 40% - 18:52
2 - 28% - 30% - 13:23
3 - 27% - 20% - 13:10
4 - 6% - 10% - 2:56
PP Forward
1 - 65% - 60% - 1:47
2 - 35% - 40% - 0:58
PP Defense
1 - 33% - 60% - 0:55
2 - 67% - 40% - 1:50
PK Forward
1 - 76% - 60% - 6:45
2 - 24% - 40% - 2:09
PK Defense
1 - 54% - 60% - 4:50
2 - 46% - 40% - 4:04
PK3 Forward
1 - 0% - 60%
2 - 0% - 40%
PK3 Defense
1 - 0% - 60%
2 - 0% - 40%
44 Forward
1 - 0% - 60%
2 - 0% - 40%
44 Defense
1 - 0% - 60%
2 - 0% - 40%
Last Minute Offensive  - 0:00
Last Minute Defensive  - 0:00
Total
Forward - 60:00
Defense - 60:00

Play-by-Play

1st period


0:01 of 1st period - Sean Couturier wins face-off versus Josh Norris in neutral zone.
0:04 of 1st period - Shot by Leon Draisaitl.
0:04 of 1st period - Stopped by Jake Oettinger without a rebound.
0:05 of 1st period - Nick Schmaltz wins face-off versus Shane Pinto in VANCOUVER Canucks zone.
0:08 of 1st period - Shot by Sean Monahan.
0:08 of 1st period - Stopped by Jake Oettinger without a rebound.
0:09 of 1st period - Juuso Parssinen wins face-off versus Sam Gagner in VANCOUVER Canucks zone.
0:20 of 1st period - Shot by Teddy Blueger.
0:20 of 1st period - Stopped by Connor Hellebuyck without a rebound.
0:21 of 1st period - Josh Norris wins face-off versus Sean Couturier in PHILADELPHIA Flyers zone.
0:30 of 1st period - Shot by Leon Draisaitl.
0:30 of 1st period - Shot Misses the Net.
0:32 of 1st period - Shot by Shea Weber.
0:32 of 1st period - Stopped by Jake Oettinger without a rebound.
0:33 of 1st period - Nick Schmaltz wins face-off versus Shane Pinto in VANCOUVER Canucks zone.
0:33 of 1st period - Justin Schultz is hit by Christopher Tanev and loses puck.
1:11 of 1st period - Minor Penalty to Mason Appleton for Interference.
1:12 of 1st period - Tyler Pitlick wins face-off versus Nick Schmaltz in VANCOUVER Canucks zone.
2:25 of 1st period - Shot by Mike Hoffman.
2:25 of 1st period - Deflect By Adam Erne.
2:25 of 1st period - Stopped by Jake Oettinger without a rebound.
2:26 of 1st period - Sean Monahan wins face-off versus Tyler Pitlick in VANCOUVER Canucks zone.
3:31 of 1st period - Shot by Joel Edmundson.
3:31 of 1st period - Stopped by Jake Oettinger without a rebound.
3:32 of 1st period - Mark Kastelic wins face-off versus Sean Couturier in VANCOUVER Canucks zone.
3:49 of 1st period - Off-side.
3:50 of 1st period - Josh Norris wins face-off versus Chris Tierney in neutral zone.
3:50 of 1st period - Josh Norris is hit by Josh Leivo.
3:54 of 1st period - Shot by Josh Norris.
3:54 of 1st period - Stopped by Connor Hellebuyck without a rebound.
3:55 of 1st period - Sean Couturier wins face-off versus Josh Norris in PHILADELPHIA Flyers zone.
4:52 of 1st period - Mikhail Sergachev is hit by Leon Draisaitl and loses puck.
5:17 of 1st period - Shot by Teddy Blueger.
5:17 of 1st period - Stopped by Connor Hellebuyck without a rebound.
5:18 of 1st period - Nick Schmaltz wins face-off versus Shane Pinto in PHILADELPHIA Flyers zone.
5:18 of 1st period - Nick Schmaltz is hit by Shane Pinto.
5:25 of 1st period - Minor Penalty to Nils Lundkvist for Roughing.
5:26 of 1st period - Sean Monahan wins face-off versus Tyler Pitlick in VANCOUVER Canucks zone.
5:57 of 1st period - Christopher Tanev is hit by Adam Erne and loses puck.
6:34 of 1st period - Icing by Alexander Edler.
6:35 of 1st period - Nick Schmaltz wins face-off versus Tyler Pitlick in PHILADELPHIA Flyers zone.
6:51 of 1st period - Icing by Claude Giroux.
6:52 of 1st period - Nick Schmaltz wins face-off versus Bryan Little in PHILADELPHIA Flyers zone.
6:52 of 1st period - Nick Schmaltz is hit by Matt Boldy.
7:18 of 1st period - Shot by Adam Erne.
7:18 of 1st period - Stopped by Jake Oettinger with a rebound.
7:20 of 1st period - Shot by Ben Chiarot.
7:20 of 1st period - Shot Blocked by Radim Simek.
7:22 of 1st period - Shot by Ben Chiarot.
7:22 of 1st period - Shot Misses the Net.
7:24 of 1st period - Shot by Ben Chiarot.
7:24 of 1st period - Stopped by Jake Oettinger without a rebound.
7:25 of 1st period - Shane Pinto wins face-off versus Chris Tierney in VANCOUVER Canucks zone.
7:27 of 1st period - Icing by Mikhail Sergachev.
7:28 of 1st period - Shane Pinto wins face-off versus Jakub Voracek in VANCOUVER Canucks zone.
7:45 of 1st period - Shot by Josh Leivo.
7:45 of 1st period - Shot Hit the Post.
8:16 of 1st period - Minor Penalty to Claude Giroux for Cross-checking.
8:17 of 1st period - Leon Draisaitl wins face-off versus Josh Norris in PHILADELPHIA Flyers zone.
9:02 of 1st period - Shot by Christopher Tanev.
9:02 of 1st period - Goal by Christopher Tanev - PHILADELPHIA Flyers : 0 - VANCOUVER Canucks : 1.
9:03 of 1st period - Juuso Parssinen wins face-off versus Mike Hoffman in neutral zone.
9:47 of 1st period - Icing by Mike Hoffman.
9:48 of 1st period - Nick Schmaltz wins face-off versus Shane Pinto in PHILADELPHIA Flyers zone.
10:13 of 1st period - Shot by Shane Pinto.
10:13 of 1st period - Stopped by Connor Hellebuyck without a rebound.
10:14 of 1st period - Josh Norris wins face-off versus Sean Couturier in PHILADELPHIA Flyers zone.
10:37 of 1st period - Shot by Matt Boldy.
10:37 of 1st period - Shot Misses the Net.
10:39 of 1st period - Shot by Radim Simek.
10:39 of 1st period - Shot Blocked by Ben Chiarot.
10:43 of 1st period - Shot by Jakob Silfverberg.
10:43 of 1st period - Stopped by Connor Hellebuyck without a rebound.
10:44 of 1st period - Sam Gagner wins face-off versus Mark Kastelic in PHILADELPHIA Flyers zone.
10:44 of 1st period - Sam Gagner is hit by Mark Kastelic.
10:58 of 1st period - Joel Edmundson is hit by Stefan Noesen and loses puck.
11:09 of 1st period - Shot by Stefan Noesen.
11:09 of 1st period - Stopped by Connor Hellebuyck without a rebound.
11:10 of 1st period - Sean Couturier wins face-off versus Josh Norris in PHILADELPHIA Flyers zone.
11:19 of 1st period - Shot by Leon Draisaitl.
11:19 of 1st period - Shot Misses the Net.
11:35 of 1st period - Shot by Christopher Tanev.
11:35 of 1st period - Stopped by Connor Hellebuyck without a rebound.
11:36 of 1st period - Shane Pinto wins face-off versus Sam Gagner in PHILADELPHIA Flyers zone.
11:48 of 1st period - Mikhail Sergachev is hit by Alexander Edler and loses puck.
12:31 of 1st period - Jonathan Drouin is hit by Christopher Tanev and loses puck.
13:09 of 1st period - Off-side.
13:10 of 1st period - Nick Schmaltz wins face-off versus Juuso Parssinen in neutral zone.
13:10 of 1st period - Nick Schmaltz is hit by Juuso Parssinen.
13:18 of 1st period - Shot by Mike Hoffman.
13:18 of 1st period - Stopped by Jake Oettinger without a rebound.
13:19 of 1st period - Teddy Blueger wins face-off versus Nick Schmaltz in VANCOUVER Canucks zone.
13:45 of 1st period - Shot by Tyler Pitlick.
13:45 of 1st period - Shot Blocked by Joel Edmundson.
13:47 of 1st period - Shot by Teddy Blueger.
13:47 of 1st period - Shot Blocked by Joel Edmundson.
13:58 of 1st period - Icing by Joel Edmundson.
13:59 of 1st period - Josh Norris wins face-off versus Nick Schmaltz in PHILADELPHIA Flyers zone.
14:37 of 1st period - Shot by Jakob Silfverberg.
14:37 of 1st period - Stopped by Connor Hellebuyck without a rebound.
14:38 of 1st period - Leon Draisaitl wins face-off versus Shane Pinto in PHILADELPHIA Flyers zone.
15:35 of 1st period - Off-side.
15:36 of 1st period - Sam Gagner wins face-off versus Josh Norris in neutral zone.
15:48 of 1st period - Shot by Mikhail Sergachev.
15:48 of 1st period - Stopped by Connor Hellebuyck without a rebound.
15:49 of 1st period - Mark Kastelic wins face-off versus Nick Schmaltz in PHILADELPHIA Flyers zone.
15:54 of 1st period - Shot by Bryan Little.
15:54 of 1st period - Stopped by Connor Hellebuyck without a rebound.
15:55 of 1st period - Nick Schmaltz wins face-off versus Josh Norris in PHILADELPHIA Flyers zone.
15:55 of 1st period - Nick Schmaltz is hit by Matt Boldy.
16:02 of 1st period - Justin Schultz is hit by Josh Norris and loses puck.
16:18 of 1st period - Shot by Matt Boldy.
16:18 of 1st period - Shot Blocked by Justin Schultz.
16:20 of 1st period - Shot by Mikhail Sergachev.
16:20 of 1st period - Deflect By Matt Boldy.
16:20 of 1st period - Shot Hit the Post.
16:22 of 1st period - Shot by Jake McCabe.
16:22 of 1st period - Stopped by Connor Hellebuyck without a rebound.
16:23 of 1st period - Sean Couturier wins face-off versus Juuso Parssinen in PHILADELPHIA Flyers zone.
16:23 of 1st period - Leon Draisaitl is hit by Juuso Parssinen and loses puck.
17:51 of 1st period - Shot by Sam Gagner.
17:51 of 1st period - Goal by Sam Gagner - PHILADELPHIA Flyers : 1 - VANCOUVER Canucks : 1.
17:52 of 1st period - Nick Schmaltz wins face-off versus Shane Pinto in neutral zone.
17:56 of 1st period - Icing by Christopher Tanev.
17:57 of 1st period - Shane Pinto wins face-off versus Josh Leivo in VANCOUVER Canucks zone.
18:08 of 1st period - Josh Leivo is hit by Mason Appleton.
18:09 of 1st period - Icing by Josh Leivo.
18:10 of 1st period - Stefan Noesen wins face-off versus Chris Tierney in PHILADELPHIA Flyers zone.
18:19 of 1st period - Shot by Bryan Little.
18:19 of 1st period - Stopped by Connor Hellebuyck with a rebound.
18:22 of 1st period - Icing by Chris Tierney.
18:23 of 1st period - Josh Norris wins face-off versus Chris Tierney in PHILADELPHIA Flyers zone.
18:56 of 1st period - Icing by Joel Edmundson.
18:57 of 1st period - Shane Pinto wins face-off versus Chris Tierney in PHILADELPHIA Flyers zone.
18:57 of 1st period - Victor Mete is hit by Joel Edmundson and loses puck.
19:50 of 1st period - Shot by Sean Couturier.
19:50 of 1st period - Stopped by Jake Oettinger without a rebound.
19:51 of 1st period - Josh Norris wins face-off versus Nick Schmaltz in VANCOUVER Canucks zone.
Goals for this period are 1 for PHILADELPHIA Flyers vs 1 for VANCOUVER Canucks.
Shots for this period are 10 for PHILADELPHIA Flyers vs 13 for VANCOUVER Canucks.

2nd period


0:01 of 2nd period - Sean Couturier wins face-off versus Josh Norris in neutral zone.
0:19 of 2nd period - Minor Penalty to Sean Couturier for Tripping.
0:20 of 2nd period - Leon Draisaitl wins face-off versus Shane Pinto in PHILADELPHIA Flyers zone.
0:20 of 2nd period - Leon Draisaitl is hit by Shane Pinto.
0:27 of 2nd period - Icing by Radim Simek.
0:28 of 2nd period - Leon Draisaitl wins face-off versus Shane Pinto in VANCOUVER Canucks zone.
0:35 of 2nd period - Shot by Leon Draisaitl.
0:35 of 2nd period - Stopped by Jake Oettinger without a rebound.
0:36 of 2nd period - Leon Draisaitl wins face-off versus Josh Norris in VANCOUVER Canucks zone.
0:48 of 2nd period - Off-side.
0:49 of 2nd period - Leon Draisaitl wins face-off versus Shane Pinto in neutral zone.
1:24 of 2nd period - Shot by Shane Pinto.
1:24 of 2nd period - Shot Misses the Net.
1:30 of 2nd period - Shot by Shane Pinto.
1:30 of 2nd period - Stopped by Connor Hellebuyck without a rebound.
1:31 of 2nd period - Josh Norris wins face-off versus Leon Draisaitl in PHILADELPHIA Flyers zone.
1:34 of 2nd period - Shot by Christopher Tanev.
1:34 of 2nd period - Stopped by Connor Hellebuyck with a rebound.
1:36 of 2nd period - Shot by Matt Boldy.
1:36 of 2nd period - Stopped by Connor Hellebuyck without a rebound.
1:37 of 2nd period - Leon Draisaitl wins face-off versus Josh Norris in PHILADELPHIA Flyers zone.
2:44 of 2nd period - Justin Schultz is hit by Juuso Parssinen and loses puck.
2:55 of 2nd period - Shot by Sam Gagner.
2:55 of 2nd period - Shot Blocked by Mikhail Sergachev.
3:02 of 2nd period - Off-side.
3:03 of 2nd period - Nick Schmaltz wins face-off versus Shane Pinto in neutral zone.
3:32 of 2nd period - Shot by Shane Pinto.
3:32 of 2nd period - Stopped by Connor Hellebuyck with a rebound.
3:43 of 2nd period - Icing by Shea Weber.
3:44 of 2nd period - Nick Schmaltz wins face-off versus Josh Norris in PHILADELPHIA Flyers zone.
3:51 of 2nd period - Shot by Nick Schmaltz.
3:51 of 2nd period - Shot Misses the Net.
4:47 of 2nd period - Sean Couturier is hit by Mark Kastelic and loses puck.
4:58 of 2nd period - Shot by Bryan Little.
4:58 of 2nd period - Stopped by Connor Hellebuyck without a rebound.
4:59 of 2nd period - Shane Pinto wins face-off versus Sam Gagner in PHILADELPHIA Flyers zone.
5:14 of 2nd period - Shot by Nils Lundkvist.
5:14 of 2nd period - Shot Blocked by Noah Juulsen.
5:16 of 2nd period - Shot by Victor Mete.
5:16 of 2nd period - Stopped by Connor Hellebuyck without a rebound.
5:17 of 2nd period - Nick Schmaltz wins face-off versus Juuso Parssinen in PHILADELPHIA Flyers zone.
5:25 of 2nd period - Shea Weber is hit by Mikhail Sergachev and loses puck.
5:39 of 2nd period - Icing by Tyler Pitlick.
5:40 of 2nd period - Juuso Parssinen wins face-off versus Sam Gagner in VANCOUVER Canucks zone.
7:12 of 2nd period - Shot by Claude Giroux.
7:12 of 2nd period - Deflect By Leon Draisaitl.
7:12 of 2nd period - Shot Blocked by Christopher Tanev.
7:14 of 2nd period - Shot by Leon Draisaitl.
7:14 of 2nd period - Goal by Leon Draisaitl - PHILADELPHIA Flyers : 2 - VANCOUVER Canucks : 1.
7:15 of 2nd period - Shane Pinto wins face-off versus Nick Schmaltz in neutral zone.
7:18 of 2nd period - Justin Schultz is hit by Mason Appleton and loses puck.
7:38 of 2nd period - Shot by Shane Pinto.
7:38 of 2nd period - Stopped by Connor Hellebuyck with a rebound.
7:40 of 2nd period - Shot by Nils Lundkvist.
7:40 of 2nd period - Shot Blocked by Justin Schultz.
7:42 of 2nd period - Shot by Mason Appleton.
7:42 of 2nd period - Shot Misses the Net.
7:44 of 2nd period - Shot by Nils Lundkvist.
7:44 of 2nd period - Shot Misses the Net.
7:46 of 2nd period - Shot by Shane Pinto.
7:46 of 2nd period - Deflect By Mason Appleton.
7:46 of 2nd period - Shot Misses the Net.
7:48 of 2nd period - Shot by Victor Mete.
7:48 of 2nd period - Shot Misses the Net.
7:50 of 2nd period - Shot by Philip Tomasino.
7:50 of 2nd period - Stopped by Connor Hellebuyck without a rebound.
7:51 of 2nd period - Sean Couturier wins face-off versus Mark Kastelic in PHILADELPHIA Flyers zone.
8:56 of 2nd period - Shot by Matt Boldy.
8:56 of 2nd period - Shot Blocked by Ben Chiarot.
8:58 of 2nd period - Shot by Josh Norris.
8:58 of 2nd period - Shot Blocked by Ben Chiarot.
9:03 of 2nd period - Shot by Josh Norris.
9:03 of 2nd period - Goal by Josh Norris - PHILADELPHIA Flyers : 2 - VANCOUVER Canucks : 2.
9:04 of 2nd period - Nick Schmaltz wins face-off versus Philip Tomasino in neutral zone.
9:47 of 2nd period - Shot by Philip Tomasino.
9:47 of 2nd period - Shot Misses the Net.
10:07 of 2nd period - Shot by Josh Norris.
10:07 of 2nd period - Stopped by Connor Hellebuyck without a rebound.
10:08 of 2nd period - Chris Tierney wins face-off versus Juuso Parssinen in PHILADELPHIA Flyers zone.
10:37 of 2nd period - Shot by Josh Leivo.
10:37 of 2nd period - Shot Blocked by Jake McCabe.
11:10 of 2nd period - Icing by Chris Tierney.
11:11 of 2nd period - Chris Tierney wins face-off versus Josh Norris in PHILADELPHIA Flyers zone.
11:11 of 2nd period - Chris Tierney is hit by Jakob Silfverberg.
11:54 of 2nd period - Off-side.
11:55 of 2nd period - Nick Schmaltz wins face-off versus Shane Pinto in neutral zone.
12:31 of 2nd period - Shot by Mike Hoffman.
12:31 of 2nd period - Deflect By Nick Schmaltz.
12:31 of 2nd period - Shot Misses the Net.
12:33 of 2nd period - Shot by Alexander Edler.
12:33 of 2nd period - Stopped by Jake Oettinger without a rebound.
12:34 of 2nd period - Sean Couturier wins face-off versus Mark Kastelic in VANCOUVER Canucks zone.
12:34 of 2nd period - Claude Giroux is hit by Jake McCabe and loses puck.
12:38 of 2nd period - Claude Giroux is hit by Jake McCabe and loses puck.
12:49 of 2nd period - Shot by Claude Giroux.
12:49 of 2nd period - Shot Blocked by Jake McCabe.
12:51 of 2nd period - Shot by Sean Couturier.
12:51 of 2nd period - Stopped by Jake Oettinger without a rebound.
12:52 of 2nd period - Sam Gagner wins face-off versus Josh Norris in VANCOUVER Canucks zone.
13:09 of 2nd period - Shot by Jonathan Drouin.
13:09 of 2nd period - Stopped by Jake Oettinger without a rebound.
13:10 of 2nd period - Sean Couturier wins face-off versus Shane Pinto in VANCOUVER Canucks zone.
13:48 of 2nd period - Icing by Shea Weber.
13:49 of 2nd period - Sean Couturier wins face-off versus Josh Norris in PHILADELPHIA Flyers zone.
14:01 of 2nd period - Shot by Josh Norris.
14:01 of 2nd period - Stopped by Connor Hellebuyck without a rebound.
14:02 of 2nd period - Juuso Parssinen wins face-off versus Nick Schmaltz in PHILADELPHIA Flyers zone.
14:03 of 2nd period - Shot by Nils Lundkvist.
14:03 of 2nd period - Shot Blocked by Sean Monahan.
14:08 of 2nd period - Icing by Sean Monahan.
14:09 of 2nd period - Josh Norris wins face-off versus Sean Monahan in PHILADELPHIA Flyers zone.
14:28 of 2nd period - Icing by Sean Monahan.
14:29 of 2nd period - Nick Schmaltz wins face-off versus Shane Pinto in PHILADELPHIA Flyers zone.
14:47 of 2nd period - Shane Pinto is hit by Alexander Edler and loses puck.
14:50 of 2nd period - Shot by Philip Tomasino.
14:50 of 2nd period - Shot Blocked by Alexander Edler.
14:52 of 2nd period - Shot by Nils Lundkvist.
14:52 of 2nd period - Stopped by Connor Hellebuyck without a rebound.
14:53 of 2nd period - Josh Norris wins face-off versus Sean Couturier in PHILADELPHIA Flyers zone.
15:42 of 2nd period - Icing by Christopher Tanev.
15:43 of 2nd period - Sam Gagner wins face-off versus Josh Norris in VANCOUVER Canucks zone.
15:59 of 2nd period - Off-side.
16:00 of 2nd period - Shane Pinto wins face-off versus Nick Schmaltz in neutral zone.
16:00 of 2nd period - Mason Appleton is hit by Mike Hoffman.
16:01 of 2nd period - Off-side.
16:02 of 2nd period - Sam Gagner wins face-off versus Shane Pinto in neutral zone.
16:09 of 2nd period - Shot by Alexander Edler.
16:09 of 2nd period - Stopped by Jake Oettinger without a rebound.
16:10 of 2nd period - Sean Couturier wins face-off versus Shane Pinto in VANCOUVER Canucks zone.
16:11 of 2nd period - Shot by Leon Draisaitl.
16:11 of 2nd period - Shot Blocked by Nils Lundkvist.
16:23 of 2nd period - Shot by Nils Lundkvist.
16:23 of 2nd period - Shot Blocked by Shea Weber.
16:28 of 2nd period - Icing by Leon Draisaitl.
16:29 of 2nd period - Juuso Parssinen wins face-off versus Sean Couturier in PHILADELPHIA Flyers zone.
16:46 of 2nd period - Shea Weber is hit by Tyler Pitlick and loses puck.
17:25 of 2nd period - Shot by Nick Schmaltz.
17:25 of 2nd period - Stopped by Jake Oettinger without a rebound.
17:26 of 2nd period - Josh Norris wins face-off versus Sam Gagner in VANCOUVER Canucks zone.
17:26 of 2nd period - Matt Boldy is hit by Sam Gagner and loses puck.
17:53 of 2nd period - Shot by Jonathan Drouin.
17:53 of 2nd period - Stopped by Jake Oettinger with a rebound.
18:36 of 2nd period - Shot by Nick Schmaltz.
18:36 of 2nd period - Shot Misses the Net.
18:38 of 2nd period - Shot by Alexander Edler.
18:38 of 2nd period - Stopped by Jake Oettinger with a rebound.
18:42 of 2nd period - Shot by Mike Hoffman.
18:42 of 2nd period - Shot Misses the Net.
18:43 of 2nd period - Minor Penalty to Christopher Tanev for Interference.
18:44 of 2nd period - Nick Schmaltz wins face-off versus Tyler Pitlick in VANCOUVER Canucks zone.
19:06 of 2nd period - Off-side.
19:07 of 2nd period - Tyler Pitlick wins face-off versus Sean Monahan in neutral zone.
Goals for this period are 1 for PHILADELPHIA Flyers vs 1 for VANCOUVER Canucks.
Shots for this period are 9 for PHILADELPHIA Flyers vs 12 for VANCOUVER Canucks.

3rd period


0:01 of 3rd period - Nick Schmaltz wins face-off versus Tyler Pitlick in neutral zone.
0:03 of 3rd period - Off-side.
0:04 of 3rd period - Nick Schmaltz wins face-off versus Tyler Pitlick in neutral zone.
0:20 of 3rd period - Icing by Leon Draisaitl.
0:21 of 3rd period - Tyler Pitlick wins face-off versus Nick Schmaltz in PHILADELPHIA Flyers zone.
0:21 of 3rd period - Tyler Pitlick is hit by Alexander Edler.
0:23 of 3rd period - Shot by Jakob Silfverberg.
0:23 of 3rd period - Shot Misses the Net.
1:15 of 3rd period - Shot by Mason Appleton.
1:15 of 3rd period - Stopped by Connor Hellebuyck without a rebound.
1:16 of 3rd period - Mark Kastelic wins face-off versus Sean Couturier in PHILADELPHIA Flyers zone.
1:32 of 3rd period - Leon Draisaitl is hit by Christopher Tanev and loses puck.
1:42 of 3rd period - Sean Couturier is hit by Radim Simek and loses puck.
1:53 of 3rd period - Shot by Claude Giroux.
1:53 of 3rd period - Shot Misses the Net.
2:14 of 3rd period - Nick Schmaltz is hit by Radim Simek and loses puck.
2:59 of 3rd period - Shot by Chris Tierney.
2:59 of 3rd period - Shot Blocked by Christopher Tanev.
3:15 of 3rd period - Shot by Josh Leivo.
3:15 of 3rd period - Deflect By Jakub Voracek.
3:15 of 3rd period - Shot Hit the Post.
3:17 of 3rd period - Shot by Joel Edmundson.
3:17 of 3rd period - Shot Blocked by Jake McCabe.
3:19 of 3rd period - Shot by Josh Leivo.
3:19 of 3rd period - Shot Blocked by Jake McCabe.
3:48 of 3rd period - Icing by Matt Boldy.
3:49 of 3rd period - Sean Couturier wins face-off versus Josh Norris in VANCOUVER Canucks zone.
4:17 of 3rd period - Shot by Claude Giroux.
4:17 of 3rd period - Stopped by Jake Oettinger without a rebound.
4:18 of 3rd period - Nick Schmaltz wins face-off versus Mason Appleton in VANCOUVER Canucks zone.
4:31 of 3rd period - Shot by Nick Schmaltz.
4:31 of 3rd period - Shot Misses the Net.
4:33 of 3rd period - Shot by Alexander Edler.
4:33 of 3rd period - Shot Misses the Net.
4:43 of 3rd period - Shot by Sean Monahan.
4:43 of 3rd period - Stopped by Jake Oettinger without a rebound.
4:44 of 3rd period - Sean Couturier wins face-off versus Juuso Parssinen in VANCOUVER Canucks zone.
4:49 of 3rd period - Shot by Leon Draisaitl.
4:49 of 3rd period - Shot Misses the Net.
5:07 of 3rd period - Shot by Juuso Parssinen.
5:07 of 3rd period - Shot Misses the Net.
5:25 of 3rd period - Teddy Blueger is hit by Leon Draisaitl and loses puck.
5:32 of 3rd period - Jake McCabe is hit by Claude Giroux and loses puck.
6:01 of 3rd period - Minor Penalty to Matt Boldy for Hooking.
6:02 of 3rd period - Sean Monahan wins face-off versus Bryan Little in VANCOUVER Canucks zone.
6:07 of 3rd period - Shot by Adam Erne.
6:07 of 3rd period - Shot Misses the Net.
6:09 of 3rd period - Shot by Adam Erne.
6:09 of 3rd period - Stopped by Jake Oettinger with a rebound.
6:28 of 3rd period - Mike Hoffman is hit by Radim Simek and loses puck.
7:09 of 3rd period - Shot by Shea Weber.
7:09 of 3rd period - Shot Misses the Net.
8:21 of 3rd period - Shot by Chris Tierney.
8:21 of 3rd period - Shot Misses the Net.
8:23 of 3rd period - Shot by Joel Edmundson.
8:23 of 3rd period - Stopped by Jake Oettinger without a rebound.
8:24 of 3rd period - Sam Gagner wins face-off versus Josh Norris in VANCOUVER Canucks zone.
8:27 of 3rd period - Shot by Jonathan Drouin.
8:27 of 3rd period - Shot Misses the Net.
9:28 of 3rd period - Shot by Jakub Voracek.
9:28 of 3rd period - Stopped by Jake Oettinger with a rebound.
9:30 of 3rd period - Shot by Jakub Voracek.
9:30 of 3rd period - Stopped by Jake Oettinger without a rebound.
9:31 of 3rd period - Sean Couturier wins face-off versus Juuso Parssinen in VANCOUVER Canucks zone.
9:31 of 3rd period - Leon Draisaitl is hit by Radim Simek and loses puck.
9:46 of 3rd period - Shot by Sean Couturier.
9:46 of 3rd period - Shot Misses the Net.
9:48 of 3rd period - Shot by Joel Edmundson.
9:48 of 3rd period - Stopped by Jake Oettinger with a rebound.
9:50 of 3rd period - Shot by Sean Couturier.
9:50 of 3rd period - Shot Misses the Net.
9:52 of 3rd period - Shot by Sean Couturier.
9:52 of 3rd period - Goal by Sean Couturier - PHILADELPHIA Flyers : 3 - VANCOUVER Canucks : 2.
9:53 of 3rd period - Nick Schmaltz wins face-off versus Mark Kastelic in neutral zone.
10:31 of 3rd period - Shot by Nils Lundkvist.
10:31 of 3rd period - Shot Misses the Net.
11:22 of 3rd period - Shot by Leon Draisaitl.
11:22 of 3rd period - Shot Misses the Net.
11:27 of 3rd period - Sean Couturier is hit by Jake McCabe and loses puck.
11:32 of 3rd period - Shot by Leon Draisaitl.
11:32 of 3rd period - Stopped by Jake Oettinger with a rebound.
12:11 of 3rd period - Shot by Jakob Silfverberg.
12:11 of 3rd period - Shot Misses the Net.
13:06 of 3rd period - Shot by Teddy Blueger.
13:06 of 3rd period - Shot Misses the Net.
13:08 of 3rd period - Shot by Victor Mete.
13:08 of 3rd period - Stopped by Connor Hellebuyck without a rebound.
13:09 of 3rd period - Mark Kastelic wins face-off versus Nick Schmaltz in PHILADELPHIA Flyers zone.
13:12 of 3rd period - Shot by Stefan Noesen.
13:12 of 3rd period - Shot Misses the Net.
13:26 of 3rd period - Shot by Sean Monahan.
13:26 of 3rd period - Shot Blocked by Mikhail Sergachev.
13:28 of 3rd period - Shot by Mike Hoffman.
13:28 of 3rd period - Shot Blocked by Christopher Tanev.
13:42 of 3rd period - Mike Hoffman is hit by Stefan Noesen and loses puck.
14:09 of 3rd period - Shot by Claude Giroux.
14:09 of 3rd period - Stopped by Jake Oettinger without a rebound.
14:10 of 3rd period - Chris Tierney wins face-off versus Josh Norris in VANCOUVER Canucks zone.
14:29 of 3rd period - Josh Leivo is hit by Matt Boldy.
14:33 of 3rd period - Jakob Silfverberg is hit by Jakub Voracek and loses puck.
14:47 of 3rd period - Icing by Joel Edmundson.
14:48 of 3rd period - Shane Pinto wins face-off versus Chris Tierney in PHILADELPHIA Flyers zone.
14:48 of 3rd period - Jake McCabe is hit by Joel Edmundson and loses puck.
15:07 of 3rd period - Shot by Claude Giroux.
15:07 of 3rd period - Shot Misses the Net.
15:09 of 3rd period - Shot by Sean Couturier.
15:09 of 3rd period - Stopped by Jake Oettinger with a rebound.
15:20 of 3rd period - Leon Draisaitl is hit by Jake McCabe.
15:30 of 3rd period - Jake McCabe is hit by Leon Draisaitl and loses puck.
15:39 of 3rd period - Shot by Claude Giroux.
15:39 of 3rd period - Goal by Claude Giroux - PHILADELPHIA Flyers : 4 - VANCOUVER Canucks : 2.
15:40 of 3rd period - Josh Norris wins face-off versus Nick Schmaltz in neutral zone.
15:58 of 3rd period - Icing by Justin Schultz.
15:59 of 3rd period - Sean Monahan wins face-off versus Teddy Blueger in PHILADELPHIA Flyers zone.
16:24 of 3rd period - Icing by Sean Monahan.
16:25 of 3rd period - Nick Schmaltz wins face-off versus Josh Norris in PHILADELPHIA Flyers zone.
16:25 of 3rd period - Nick Schmaltz is hit by Jakob Silfverberg.
16:26 of 3rd period - Minor Penalty to Matt Boldy for Tripping.
16:27 of 3rd period - Tyler Pitlick wins face-off versus Nick Schmaltz in VANCOUVER Canucks zone.
16:54 of 3rd period - Shot by Nick Schmaltz.
16:54 of 3rd period - Stopped by Jake Oettinger without a rebound.
16:55 of 3rd period - Sean Monahan wins face-off versus Tyler Pitlick in VANCOUVER Canucks zone.
17:00 of 3rd period - Shot by Ben Chiarot.
17:00 of 3rd period - Stopped by Jake Oettinger without a rebound.
17:01 of 3rd period - Sean Monahan wins face-off versus Tyler Pitlick in VANCOUVER Canucks zone.
17:04 of 3rd period - Shot by Mike Hoffman.
17:04 of 3rd period - Stopped by Jake Oettinger with a rebound.
17:12 of 3rd period - Shot by Mike Hoffman.
17:12 of 3rd period - Stopped by Jake Oettinger without a rebound.
17:13 of 3rd period - Nick Schmaltz wins face-off versus Tyler Pitlick in VANCOUVER Canucks zone.
17:22 of 3rd period - Shot by Nick Schmaltz.
17:22 of 3rd period - Shot Misses the Net.
17:24 of 3rd period - Shot by Leon Draisaitl.
17:24 of 3rd period - Goal by Leon Draisaitl - PHILADELPHIA Flyers : 5 - VANCOUVER Canucks : 2.
17:25 of 3rd period - Sean Couturier wins face-off versus Shane Pinto in neutral zone.
18:32 of 3rd period - Shot by Nick Schmaltz.
18:32 of 3rd period - Shot Blocked by Mikhail Sergachev.
19:03 of 3rd period - Justin Schultz is hit by Shane Pinto and loses puck.
19:36 of 3rd period - Shot by Adam Erne.
19:36 of 3rd period - Stopped by Jake Oettinger without a rebound.
19:37 of 3rd period - Josh Leivo wins face-off versus Juuso Parssinen in VANCOUVER Canucks zone.
19:38 of 3rd period - Shot by Shea Weber.
19:38 of 3rd period - Stopped by Jake Oettinger without a rebound.
19:39 of 3rd period - Chris Tierney wins face-off versus Juuso Parssinen in VANCOUVER Canucks zone.
19:46 of 3rd period - Noah Juulsen is hit by Tyler Pitlick and loses puck.
Goals for this period are 3 for PHILADELPHIA Flyers vs 0 for VANCOUVER Canucks.
Shots for this period are 19 for PHILADELPHIA Flyers vs 2 for VANCOUVER Canucks. Output by the SimonT Hockey Simulator (STHS) for Martin Benoit - Original Page W3C HTML5 Valid
Hockey Simulator - Hockey Simulation - Hockey Manager